AoeStats
← Padla

Black Forest

508426056Analyzed
3v3 RM · 10d ago on Sep 22, 2026· 73m 12s· 6 players
Game mode
Random Map
Map size
Normal (6 player)
Population
200
Speed
Normal
Resources
Standard
Victory
Conquest
Starting age
Dark Age
Ending age
Imperial Age
RankedLock teamsTeams togetherTeam positionsShared explorationLock speedFull tech treeHidden civsTurbo modeCheats
Victory
Defeat
🇪🇸 Britons · Spain
733
+20
🇷🇺 Gurjaras · Russia
531
+15
🇷🇺 Bohemians · Russia
530
+15
🇱🇺 Bohemians · Luxembourg
582
-15
🇨🇳 Mongols · China
557
-14
🇬🇧 Inca · United Kingdom
431
-9
Leggy Mountbatten
0:30 Loom
14:26 Feudal Age
14:51 Horse Collar
15:03 Gold Mining
21:41 Castle Age
19:55 Double-Bit Axe
20:10 Stone Mining
22:25 Heavy Plow
25:11 Squires
29:10 Bow Saw
30:18 Coinage
29:58 Caravan
30:46 Pikeman
33:10 Stone Shaft Mining
33:12 Gold Shaft Mining
45:09 Imperial Age
42:42 Arson
42:29 Elite Skirmisher
42:30 Crossbowman
43:16 Thumb Ring
43:37 Andean Sling
44:02 Forging
43:43 Fletching
43:55 Scale Mail Armor
43:56 Padded Archer Armor
43:59 Guard Tower
44:05 Murder Holes
44:23 Fortified Wall
44:41 Ballistics
44:36 Heated Shot
44:31 Treadmill Crane
45:16 Masonry
45:45 Town Watch
46:36 Wheelbarrow
47:02 Iron Casting
47:00 Leather Archer Armor
47:50 Town Patrol
49:35 Hand Cart
49:32 Fabric Shields
49:53 Conscription
49:06 Halberdier
50:36 Onager
50:55 Heavy Scorpion
52:03 Sappers
53:33 Ring Archer Armor
53:27 Chain Mail Armor
54:00 Bodkin Arrow
55:07 Blast Furnace
55:08 Hoardings
54:58 Elite Kamayuk
59:32 Keep
58:44 Arrowslits
60:34 Champi Runner
El Gringo (6ty9ne)
12:47 Feudal Age
13:19 Double-Bit Axe
18:41 Wheelbarrow
23:22 Castle Age
22:39 Horse Collar
24:45 Bow Saw
25:43 Heavy Plow
29:00 Hand Cart
28:24 Pikeman
31:39 Caravan
35:08 Scale Barding Armor
35:03 Scale Mail Armor
35:14 Forging
34:54 Fletching
35:05 Padded Archer Armor
36:59 Man-at-Arms
40:23 Imperial Age
40:47 Elite Hussite Wagon
41:48 Conscription
43:34 Heresy
43:30 Herbal Medicine
44:15 Iron Casting
43:56 Chain Mail Armor
44:01 Chain Barding Armor
43:57 Leather Archer Armor
43:38 Bodkin Arrow
47:50 Chemistry
47:11 Ballistics
46:47 Murder Holes
47:02 Fortified Wall
46:33 Treadmill Crane
47:03 Masonry
46:39 Arrowslits
46:30 Halberdier
47:11 Squires
49:58 Houfnice
50:15 Cavalier
50:56 Husbandry
50:17 Light Cavalry
53:58 Two-Man Saw
56:16 Bombard Tower
56:02 Siege Engineers
56:28 Architecture
56:39 Hussite Reforms
59:29 Sanctity
59:12 Devotion
59:39 Illumination
59:31 Block Printing
59:53 Theocracy
62:08 Long Swordsman
65:35 Onager
67:58 Plate Mail Armor
68:32 Blast Furnace
67:45 Bracer
68:16 Ring Archer Armor
皮革城走位
10:25 Feudal Age
13:51 Double-Bit Axe
15:48 Horse Collar
20:42 Castle Age
19:28 Stone Mining
19:37 Gold Mining
23:47 Stone Shaft Mining
25:21 Gold Shaft Mining
25:01 Murder Holes
25:46 Ballistics
25:19 Fletching
29:10 Loom
31:56 Imperial Age
32:22 Imperial Age
29:57 Caravan
31:09 Fortified Wall
31:55 Bow Saw
34:34 Chemistry
33:44 Masonry
34:03 Town Watch
35:20 Wheelbarrow
36:24 Heavy Plow
37:02 Town Patrol
38:52 Elite Mangudai
39:14 Capped Ram
40:35 Hand Cart
41:01 Siege Engineers
41:30 Parthian Tactics
41:10 Padded Archer Armor
42:23 Siege Ram
44:49 Thumb Ring
44:40 Bodkin Arrow
44:56 Forging
44:51 Scale Barding Armor
45:06 Leather Archer Armor
46:35 Husbandry
46:45 Bloodlines
46:38 Bracer
46:48 Forging
46:59 Chain Barding Armor
47:44 Onager
47:58 Onager
55:21 Iron Casting
55:15 Drill
62:09 Blast Furnace
64:42 Cavalier
Padla
9:42 Feudal Age
10:33 Double-Bit Axe
10:31 Horse Collar
17:52 Castle Age
18:53 Squires
18:40 Gambesons
19:12 Forging
19:03 Scale Mail Armor
20:13 Bow Saw
22:30 Pikeman
25:54 Iron Casting
25:35 Chain Mail Armor
27:17 Fortified Wall
28:44 Fletching
28:56 Padded Archer Armor
29:20 Stone Mining
29:23 Gold Mining
31:21 Bodkin Arrow
32:11 Gold Shaft Mining
34:56 Imperial Age
33:58 Heavy Plow
36:06 Wheelbarrow
35:53 Ballistics
36:42 Two-Man Saw
35:27 Halberdier
37:42 Conscription
38:21 Bracer
38:36 Leather Archer Armor
39:26 Chemistry
39:16 Yeomen
39:49 Hand Cart
40:22 Warwolf
44:24 Blast Furnace
43:54 Plate Mail Armor
43:55 Ring Archer Armor
44:32 Caravan
44:17 Elite Longbowman
62:10 Siege Engineers
LadyBoy
9:58 Feudal Age
10:33 Double-Bit Axe
18:30 Castle Age
18:23 Gold Mining
18:47 Forging
19:39 Stone Mining
21:50 Bow Saw
25:17 Fletching
25:41 Horse Collar
28:08 Husbandry
29:58 Treadmill Crane
31:02 Bloodlines
31:01 Scale Barding Armor
31:34 Iron Casting
33:54 Imperial Age
33:15 Caravan
33:44 Bodkin Arrow
34:50 Chain Barding Armor
34:33 Padded Archer Armor
34:34 Scale Mail Armor
35:15 Wheelbarrow
34:45 Heavy Plow
36:33 Gold Shaft Mining
36:34 Stone Shaft Mining
37:22 Elite Chakram Thrower
42:41 Bracer
42:58 Leather Archer Armor
43:00 Chain Mail Armor
43:18 Ballistics
44:04 Chemistry
43:38 Kshatriyas
47:27 Elite Shrivamsha Rider
47:31 Heavy Camel Rider
50:56 Plate Barding Armor
50:54 Plate Mail Armor
56:49 Hand Cart
56:22 Town Watch
Kolbas™
10:39 Feudal Age
11:13 Horse Collar
12:33 Double-Bit Axe
21:12 Castle Age
20:10 Fishing Lines
20:24 Fletching
20:39 Scale Barding Armor
20:47 Forging
20:37 Scale Mail Armor
20:43 Padded Archer Armor
21:56 Heavy Plow
24:11 Gillnets
24:39 Bow Saw
28:52 Caravan
34:09 Imperial Age
31:38 Treadmill Crane
32:55 Wagenburg Tactics
33:29 Town Watch
33:29 Loom
34:20 Wheelbarrow
33:47 Bodkin Arrow
34:28 Iron Casting
34:08 Chain Mail Armor
34:35 Town Patrol
34:23 Pikeman
35:04 Squires
37:21 Chemistry
36:42 Ballistics
39:12 Hand Cart
38:35 Houfnice
38:40 Elite Hussite Wagon
43:23 Bracer
44:24 Blast Furnace
43:40 Chain Mail Armor
43:41 Leather Archer Armor
43:56 Bombard Tower
43:50 Masonry
43:42 Murder Holes
43:59 Fortified Wall
43:39 Guard Tower
45:19 Two-Man Saw
45:26 Redemption
45:34 Fervor
45:42 Block Printing
45:53 Block Printing
45:39 Herbal Medicine
45:23 Halberdier
47:20 Hussite Reforms
48:59 Architecture
48:35 Siege Engineers
54:59 Guilds
55:24 Coinage
55:34 Arson
56:23 Bombard Tower
56:01 Arson
56:25 Scale Barding Armor
56:50 Plate Mail Armor
56:51 Ring Archer Armor
67:46 Illumination
67:47 Sanctity
68:12 Theocracy
67:45 Atonement
67:46 Devotion
68:08 Heresy
68:12 Chain Barding Armor
Connection lost

Rejoining the realm…

Still unreachable

The connection could not be restored.

Session expired

The server has moved on; the page needs a fresh start.